 Dungeon Crawl Stone Soup version 0.25-a0-110-ge29c8f2358 (webtiles) character file.

Game seed: 12374035976244079361, levelgen mode: deterministic

122 MisterFreud the Conjurer (level 5, -3/42 HPs)
             Began as a Naga Fire Elementalist on Nov 19, 2019.
             Slain by an iguana (12 damage)
             ... on level 4 of the Dungeon.
             The game lasted 00:05:26 (3051 turns).

MisterFreud the Conjurer (Naga Fire Elementalist)   Turns: 3051, Time: 00:05:27

Health: -3/42      AC:  2    Str: 10    XL:     5   Next: 6%
Magic:  15/17      EV: 10    Int: 16    God:
Gold:   131        SH:  0    Dex: 12    Spells: 1/9 levels left

rFire    . . .     SeeInvis +   e - +0 mace
rCold    . . .     Gourm    .   (no shield)
rNeg     . . .     Faith    .   a - +0 robe
rPois    +         Spirit   .   (no helmet)
rElec    .         Reflect  .   (no cloak)
rCorr    .         Harm     .   (no gloves)
MR       .....                  (no barding)
Stlth    ++........             (no amulet)
HPRegen  0.14/turn              r - ring of magical power
MPRegen  0.15/turn              (no ring)

@: very slow
A: large, see invisible, deformed body, poison resistance, slowness 2, slow
metabolism 1, spit poison 1, AC +1
a: Spit Poison


You were on level 4 of the Dungeon.
You were hungry.

You visited 1 branch of the dungeon, and saw 4 of its levels.

You collected 131 gold pieces.

Inventory:

Hand Weapons
 e - a +0 mace (weapon)
Missiles
 b - 13 bolts
 i - 99 stones (quivered)
 j - 29 poisoned darts
 q - 2 datura-tipped darts
 w - 9 arrows
Armour
 a - a +0 robe (worn)
Jewellery
 h - an uncursed ring of ice
 r - a ring of magical power (left hand)
Wands
 s - a wand of enslavement (6)
 v - a wand of random effects (17)
Scrolls
 f - 5 scrolls of identify {unknown}
 g - a scroll of blinking {unknown}
 k - 6 scrolls of teleportation {unknown}
 n - a scroll of enchant weapon {unknown}
 o - 2 scrolls of enchant armour {unknown}
 p - 2 scrolls of fog {unknown}
 x - a scroll of fear {unknown}
Potions
 d - a potion of brilliance {unknown}
 l - 2 potions of flight {unknown}
 m - a potion of ambrosia {unknown}
 t - a potion of curing
 u - a potion of agility {unknown}
Comestibles
 c - 9 rations


   Skills:
 - Level 1.5 Dodging
 - Level 3.0 Stealth
 + Level 2.6 Spellcasting
 + Level 3.7 Conjurations
 + Level 3.5 Fire Magic


You had one spell level left.
You knew the following spells:

 Your Spells              Type           Power        Failure   Level  Hunger
a - Flame Tongue          Conj/Fire      ##...        4%          1    #......
b - Conjure Flame         Conj/Fire      ##......     13%         3    ###....
c - Sticky Flame          Conj/Fire      ##......     38%         4    #####..

Your spell library contained the following spells:

 Spells                   Type           Power        Failure   Level  Hunger
 Throw Flame              Conj/Fire      ##....       6%          2    ##.....
 Inner Flame              Hex/Fire       #.......     28%         3    ###....
 Fireball                 Conj/Fire      ##........   75%         5    ######.


Dungeon Overview and Level Annotations

Branches:
Dungeon (4/15)
 Temple: D:4-7

Altars:
Fedhas
Gozag
Okawaru
Qazlal
Trog
The Shining One


Innate Abilities, Weirdness & Mutations

You cannot wear boots.
Your serpentine skin is tough. (AC +1)
You have supernaturally acute eyesight. (SInv)
Armour fits poorly on your strangely shaped body.
Your system is resistant to poisons. (rPois)
You cover ground very slowly.
You have a slow metabolism.
You can spit poison.


Message History

Confirm with . or Enter, or press ? or * to list all spells.
Aiming: Flame Tongue (safe; 4% risk of failure)
Press: ? - help, Shift-Dir - straight line, f/p - iguana
Aim: an iguana (heavily wounded)
The flame tongue hits the iguana.
The iguana is heavily wounded.
The iguana bites you!
Casting: Flame Tongue (safe; 4% risk of failure)
Confirm with . or Enter, or press ? or * to list all spells.
Aiming: Flame Tongue (safe; 4% risk of failure)
Press: ? - help, Shift-Dir - straight line, f/p - iguana
Aim: an iguana (heavily wounded)
The flame tongue hits the iguana.
The iguana is almost dead.
The iguana bites you!
* * * LOW HITPOINT WARNING * * *
It was a potion of curing.
You feel better.
You have got your breath back.
The iguana bites you!
You die...

#.<....
#....#.##
#.......#
#.......##
#......#
#....>.#
######a#
#l# #@#
#####.#
#.....#
#.##### #.#
####.#####
#........#
##.....##.#
#.._8_.##.#
#####


You could see an iguana and a worker ant.

Vanquished Creatures
  Terence (D:2)
  A hound skeleton (D:4)
  3 adders
  2 worms
  A dart slug (D:2)
  4 leopard geckos
  An orc (D:4)
  6 bats
  A giant cockroach (D:1)
  3 goblins
  8 hobgoblins
  8 kobolds
  A leopard gecko skeleton (D:4)
  12 rats
52 creatures vanquished.

Notes
Turn   | Place    | Note
-------+----------+-------------------------------------------
     0 | D:1      | MisterFreud the Naga Fire Elementalist began the quest for
                  | the Orb.
     0 | D:1      | Reached XP level 1. HP: 15/15 MP: 3/3
   636 | D:1      | Reached XP level 2. HP: 10/22 MP: 1/5
  1399 | D:2      | Noticed a moth of wrath
  1402 | D:2      | Found a bloodstained altar of Trog.
  1416 | D:2      | Reached XP level 3. HP: 28/28 MP: 4/6
  1686 | D:2      | Found a glowing golden altar of the Shining One.
  1964 | D:2      | Noticed Terence
  1968 | D:2      | Killed Terence
  1968 | D:2      | Reached XP level 4. HP: 36/36 MP: 4/7
  1973 | D:2      | Learned a level 3 spell: Conjure Flame
  2351 | D:3      | Found a faded altar of an unknown god.
  2392 | D:3      | Found an opulent altar of Gozag.
  2929 | D:4      | Reached XP level 5. HP: 32/42 MP: 7/8
  2935 | D:4      | Learned a level 4 spell: Sticky Flame
  2991 | D:4      | Found a stormy altar of Qazlal.
  3025 | D:4      | Found an iron altar of Okawaru.
  3026 | D:4      | Found a blossoming altar of Fedhas.
  3051 | D:4      | Slain by an iguana

Levels and vault maps discovered:
D:1:      wander_arrival_lonely_grave, layout_basic, roderic_lattice_a,
          ebering_dispersal_statue_hall
D:2:      layout_loops_corners, tgw_trog, tso_altar, kennysheep_crisscross,
          uniq_terence
D:3:      layout_rooms, chequers_ecumenical_altar_simple, first_ration,
          hex_large, hangedman_decor_clover_reticule, nicolae_gozag_seed_capital
D:4:      layout_basic, grunt_qazlal_clouds,
          chequers_temple_overflow_statue_of_worship, serial_shops,
          kennysheep_mini, guppyfry_shop_venom, uniq_menkaure

Skill      XL: |  1  2  3 |
---------------+----------+-----
Conjurations   | 2 3 |  3.7
Dodging        | |  1.5
Stealth        | |  3.0
Spellcasting   | |  2.6
Fire Magic     | |  3.5

Action                   |  1- 3 |  4- 6 || total
-------------------------+-------+-------++-------
Melee: Mace              |    35 |    13 ||    48
       Unarmed           |     1 |       ||     1
 Cast: Flame Tongue      |    37 |    24 ||    61
 Abil: Spit Poison       |    21 |    10 ||    31
  Use: Potion            |       |     1 ||     1
 Stab: Sleeping          |     4 |       ||     4
  Eat: Chunk             |     4 |     3 ||     7
Armor: Robe              |    18 |     4 ||    22
Dodge: Dodged            |    49 |    22 ||    71

Table legend:
 A = Non-vault XP
 B = Vault XP
 C = Vault XP percentage of total XP
 D = Non-vault monster count
 E = Vault monster count
 F = Vault count percentage of total count
                 A         B        C        D         E       F
            +---------+---------+-------+---------+---------+-------
      Total |     138 |      37 |  21.1 |      46 |       6 |  11.5
            +---------+---------+-------+---------+---------+-------
        D:1 |      18 |       0 |   0.0 |      11 |       0 |   0.0
        D:2 |      55 |      37 |  40.2 |      23 |       6 |  20.7
        D:3 |      42 |       0 |   0.0 |       9 |       0 |   0.0
        D:4 |      23 |       0 |   0.0 |       3 |       0 |   0.0
            +---------+---------+-------+---------+---------+-------
